Winsalmostnever, chaotic female human Priestess ----------- |.........| ------ ######### |........)| |....| ---------# #..........| |.^...####-..>....|# #|...<......##########-....| # |.......|# #-+-------.- ----.- +.......|# # # |.......|# # # `####-.......|# # # # |........################# # # # --------- # ---+-.- # # ---.------# ### |.....| # ## |...S....|# # |.....| ----- # --.-- ......@..|# ###|.*...| |...| # |...| |....i....# #.......#######....| -----# |...| |........| --.---- |...| |{..-# |...| |........| # |...| |..>|`########-.... |....)...| |.^.| |...-# |...| ---------- ----- ----- ----- Winsalmostnever the Acolyte Experience level: 4 Strength: 14 Dexterity: 10 Constitution: 12 Intelligence: 11 Wisdom: 18 Charisma: 10 Health: 0(41) Energy: 41(41) Def: 4 Gold: 61 Moves: 1360 Dungeon seed: b49KFBY0Zzuq0pG0 Game ID: Winsalmostnever_1708166412 Your Inventory: Coins $ - 61 gold pieces Weapons a - a blessed +1 mace (weapon in hand) m - a blessed +0 orcish dagger x - 6 uncursed +0 shuriken Armor e - an uncursed +0 robe (being worn) n - an uncursed +0 small shield (being worn) q - an uncursed +0 studded leather armor of fumbling, warning and carrying r - an uncursed +0 cloak of protection y - an uncursed +0 pair of iron shoes z - an uncursed +0 orcish helm (being worn) Comestibles d - 2 uncursed sprigs of wolfsbane u - an uncursed fortune cookie v - 2 uncursed apples w - an uncursed food ration Scrolls i - a blessed scroll of destroy armor j - a cursed scroll of teleportation l - an uncursed scroll of teleportation Potions b - 4 potions of holy water k - 2 potions of unholy water Rings t - an uncursed ring of conflict (on left hand) Wands s - an uncursed wand of light (0:10) A - an uncursed wand of digging (0:6) Tools h - an uncursed oil lamp (0:1459) o - an uncursed skeleton key Spells and supernatural/magical abilities: Name Level Category Cost Memory l - light 1 divination 12pw 98% x - extra healing 3 healing 50pw 98% W - pray for help -- divine ? -- X - turn undead -- divine ? -- Your skills at the end: Fighting Skills wands [Basic] Weapon Skills mace [Basic] Spellcasting Skills clerical spells [Basic] Final Attributes: You were piously aligned. You were conflicting. You last prayed 417 turns ago. Huhetotl was noncommittal. You are dead. Vanquished creatures: 2 gnome lords a gnomish wizard 2 dwarves a giant bat an acid blob a hobbit 4 manes a cave spider a yellow mold 7 gnomes a garter snake 2 geckos a jackal a fox 3 goblins 2 sewer rats 4 grid bugs a lichen 2 newts 38 creatures vanquished. Voluntary challenges: You used a wielded weapon 33 times, starting on turn 195. You read items or engraved 1 time, starting on turn 732. You never genocided any monsters. You never polymorphed an object. You never changed form. You used no wishes. You never split a pudding. You never wrote Elbereth's name. You never violated your personal moral code. Dungeon overview: The Dungeons of Doom: levels 1 to 4 Level 1 an altar to Quetzalcoatl, some fountains, a vault a long staircase Level 2 a hardware shop, a fountain Level 3 Level 4 <- You were here a fountain stairs to The Gnomish Mines The Gnomish Mines: Level 5 stairs to The Dungeons of Doom History has recorded: On T:1 you entered the Dungeons of Doom to retrieve the Amulet of Yendor! On T:321 you reached level 2 of The Dungeons of Doom. On T:654 you reached level 3 of The Dungeons of Doom. On T:894 you advanced to experience level 2. On T:927 you reached level 4 of The Dungeons of Doom. On T:983 you reached level 1 of The Gnomish Mines. On T:1059 you advanced to experience level 3. On T:1338 you advanced to experience level 4. Score breakdown: Gold: 61 ( 6097 points) Experience: 4 levels ( 9649 points) Exploration: 5 levels ( 10.87%) ( 8944 points) Discoveries: 7 items ( 2.33%) ( 4574 points) Valuables value: (no points given unless you survive) Artifact value: 0 ( 0 points) Variety of kills: 19 monsters ( 5.00%) ( 6708 points) Turncount: 1360 turns ( 0 points) Survival: died (score multiplied by 80%) Total score: 28777 Latest messages: You hear some noises in the distance. The manes hits the manes. The manes is destroyed! The manes hits! The manes misses. The manes bites! You destroy the manes! The manes hits! (2x) The manes misses. You destroy the manes! The manes hits! The manes misses. The manes bites! You miss the manes. The manes hits! (2x) The manes bites! You miss the manes. The manes hits! The manes misses. The manes just misses! You hit the manes. The manes hits! (2x) The manes bites! The manes hits! (2x) You die... Final status: Goodbye Winsalmostnever the Priestess, killed by a manes... You died in The Dungeons of Doom on dungeon level 4 with 28777 points, and 61 pieces of gold, after 1360 moves. You were level 4 with a maximum of 41 hit points when you died.